 Dungeon Crawl Stone Soup version 0.18.1-5-g4a78601 (webtiles) character file.

165 dracos369 the Poker (level 5, -9/38 HPs)
             Began as a Merfolk Skald on May 13, 2016.
             Mangled by an orc wizard
             ... wielding a +2 dagger of electrocution
              (13 damage)
             ... on level 3 of the Dungeon.
             The game lasted 00:07:44 (3737 turns).

dracos369 the Poker (Merfolk Skald)                 Turns: 3737, Time: 00:07:45

Health: -9/38      AC:  3    Str: 12    XL:     5   Next: 46%
Magic:  3/8        EV: 11    Int: 12    God:
Gold:   113        SH:  0    Dex: 14    Spells: 4 memorised, 0 levels left

rFire  . . .     SeeInvis .     a - +0 spear
rCold  . . .     Gourm    .     b - +0 leather armour
rNeg   . . .     Faith    .     (no shield)
rPois  .         Spirit   .     (no helmet)
rElec  .         Dismiss  +     (no cloak)
rCorr  .         Reflect  .     (no gloves)
SustAt .         Harm     .     (no boots)
MR     .....                    h - amulet of dismissal
Stlth  ..........               (no ring)
                                i - ring of loudness (curse)

@: infused, not resistant to hostile enchantments, extremely unstealthy
A: change form in water, swift swim
a: no special abilities


You were on level 3 of the Dungeon.
You were not hungry.

You visited 1 branch of the dungeon, and saw 3 of its levels.

You collected 113 gold pieces.

Inventory:

Hand Weapons
 a - a +0 spear (weapon)
Missiles
 o - a throwing net (quivered)
Armour
 b - a +0 leather armour (worn)
Jewellery
 h - an amulet of dismissal (around neck)
 i - a cursed ring of loudness (left hand)
Wands
 j - a wand of polymorph (9/24)
Scrolls
 p - 2 scrolls of enchant weapon {unknown}
Potions
 e - 3 potions of curing
 f - a potion of heal wounds {unknown}
 g - 2 potions of brilliance
 k - a potion of ambrosia {unknown}
 l - a potion of magic {unknown}
 m - a potion of haste {unknown}
 n - 2 potions of flight {unknown}
Books
 c - a book of Battle

   Spells                             Type                      Level
   a - Infusion                       Charms                       1
   b - Shroud of Golubria             Charms/Translocation         2
   c - Song of Slaying                Charms                       2
   d - Spectral Weapon                Hexes/Charms                 3
   e - Regeneration                   Charms/Necromancy            3
Comestibles
 d - 3 bread rations
 q - 3 chunks of flesh


   Skills:
 - Level 2.1 Fighting
 * Level 6.7 Polearms
 - Level 0.6 Armour
 - Level 1.3 Dodging
 - Level 2.0 Spellcasting
 + Level 1.8 Hexes
 + Level 3.9 Charms


You couldn't memorise any spells.
You knew the following spells:

 Your Spells              Type           Power        Failure   Level  Hunger
a - Infusion              Chrm           ##..         10%         1    ##.....
b - Song of Slaying       Chrm           ##......     14%         2    ###....
c - Spectral Weapon       Hex/Chrm       #.......     38%         3    ####...
g - Shroud of Golubria    Chrm/Tloc      #.........   28%         2    ###....


Dungeon Overview and Level Annotations

Branches:
Dungeon (3/15)

Altars:


Message History

The orc wizard is moderately wounded.
The orc wizard hits you but does no damage.
You barely miss the orc wizard.
The orc wizard is moderately wounded.
The orc wizard hits you with a dagger of electrocution.
You hit the orc wizard.
The orc wizard is heavily wounded.
The orc wizard points at you and mumbles some strange words.
The puff of frost hits you!
The orc wizard hits you with a dagger of electrocution.
You are electrocuted!
* * * LOW HITPOINT WARNING * * *
You hit the orc wizard.
The orc wizard is severely wounded.
The orc wizard misses you.
You hit the orc wizard.
The orc wizard is almost dead.
The orc wizard hits you but does no damage.
You are electrocuted!
You die...

#.# #.# #.# .# #.# ..# #.# #.#
#.# .## #.# #.# #.# .#######.##
#.########.### #..........#
#.##).......(# #..######..#
#.##.####.##.# #..# #..#
###.##.# #.##(# #..# #..#
#...)#.# #.##@# #..# #..#
###......# #.##o###..#### #..#
..#......# #.##oo.......###..#
..#.)....# #.....[...........#
.<##...#.#######..##..#...###.#
..##.###..........##.......##.#
............................#.#
#################.##..........#
#...#..........#


You could see an orc wizard and 2 orcs.

Vanquished Creatures
  4 gnolls
  4 adders
  2 oozes
  3 worms
  2 dart slugs
  4 giant geckos
  2 orcs
  4 bats
  3 giant cockroaches (D:1)
  7 goblins
  4 hobgoblins
  5 jackals
  4 quokkas (D:2)
  2 giant newts
  7 kobolds
  6 rats
63 creatures vanquished.

Notes
Turn   | Place    | Note
--------------------------------------------------------------
     0 | D:1      | dracos369 the Merfolk Skald began the quest for the Orb.
     0 | D:1      | Reached XP level 1. HP: 16/16 MP: 3/3
   147 | D:1      | Reached skill level 4 in Polearms
   147 | D:1      | Reached XP level 2. HP: 11/22 MP: 5/5
   854 | D:2      | Reached XP level 3. HP: 27/27 MP: 6/6
   870 | D:2      | Reached skill level 5 in Polearms
   905 | D:2      | Learned a level 2 spell: Shroud of Golubria
  1341 | D:2      | Learned a level 3 spell: Spectral Weapon
  1563 | D:2      | Reached XP level 4. HP: 21/33 MP: 7/7
  1860 | D:2      | Reached skill level 6 in Polearms
  2664 | D:2      | Reached skill level 1 in Hexes
  2895 | D:2      | Reached XP level 5. HP: 20/38 MP: 2/8
  3157 | D:2      | Learned a level 2 spell: Song of Slaying
  3737 | D:3      | Mangled by an orc wizard

Skill      XL: |  1  2  3  4 |
---------------+-------------+-----
Polearms       | 4 5 6 |  6.7
Hexes          | 1 |  1.8
Fighting       | |  2.1
Armour         | |  0.6
Dodging        | |  1.3
Spellcasting   | |  2.0
Charms         | |  3.9

Action                   |  1- 3 |  4- 6 || total
-------------------------+-------+-------++-------
Melee: Spear             |   125 |   185 ||   310
 Cast: Infusion          |       |     8 ||     8
       Shroud of Golubri |       |     1 ||     1
  Use: Scroll            |     4 |       ||     4
  Eat: Chunk             |     2 |     5 ||     7
       Meat ration       |       |     1 ||     1
Armor: Leather armour    |    13 |    30 ||    43
Dodge: Dodged            |    47 |    67 ||   114
